AoeStats
← crtolino93

Nomad

505895026Analyzed
2v2 RM · 21d ago on Sep 11, 2026· 41m 55s· 4 players
Game mode
Random Map
Map size
176×176
Population
200
Speed
Normal
Resources
Standard
Victory
Conquest
Starting age
Dark Age
Ending age
Imperial Age
RankedLock teamsTeams togetherTeam positionsShared explorationLock speedFull tech treeHidden civsTurbo modeCheats
Victory
Defeat
🇨🇳 Britons · China
1160
+14
🇹🇼 Dravidians · Taiwan
1091
+17
🇸🇮 Huns · Slovenia
1139
-17
🇨🇴 Spanish · Colombia
1086
-14
norf182
3:50 Loom
14:48 Feudal Age
15:14 Double-Bit Axe
15:27 Fishing Lines
17:06 Town Watch
17:39 Bloodlines
18:24 Forging
18:57 Scale Barding Armor
24:41 Castle Age
24:14 Fletching
24:18 Stone Mining
24:19 Gold Mining
26:13 Husbandry
29:07 Padded Archer Armor
31:29 Chain Barding Armor
31:31 Leather Archer Armor
31:12 Bodkin Arrow
37:47 Imperial Age
35:31 Gillnets
36:46 Iron Casting
38:03 Wheelbarrow
38:04 Bow Saw
38:34 Stone Shaft Mining
39:28 Chemistry
crtolino93
4:55 Loom
13:31 Feudal Age
14:17 Double-Bit Axe
16:29 Scale Barding Armor
16:35 Forging
17:44 Bloodlines
21:31 Fletching
23:54 Castle Age
22:26 Horse Collar
26:05 Wheelbarrow
26:25 Bow Saw
27:32 Medium Warships
37:16 Stone Mining
39:45 Iron Casting
39:44 Murder Holes
shyli1733
4:13 Loom
15:28 Feudal Age
15:31 Man-at-Arms
16:17 Fishing Lines
16:41 Town Watch
16:45 Double-Bit Axe
18:57 Scale Mail Armor
18:47 Fletching
21:05 Forging
22:43 Wheelbarrow
23:00 Gold Mining
28:19 Castle Age
26:48 Scale Barding Armor
27:47 Stone Mining
29:41 Gambesons
31:10 Pikeman
31:56 Squires
35:07 Long Swordsman
36:53 Crossbowman
42:20 Gillnets
还有遗憾吗
10:54 Loom
17:02 Feudal Age
20:32 Castle Age
18:32 Gold Mining
18:32 Double-Bit Axe
19:31 Fishing Lines
19:59 Stone Mining
21:27 Crossbowman
21:59 Fletching
22:09 Padded Archer Armor
22:55 Bodkin Arrow
23:39 Gold Shaft Mining
23:16 Bow Saw
24:52 Leather Archer Armor
24:30 Horse Collar
25:19 Gillnets
26:34 Ballistics
25:55 Treadmill Crane
33:24 Wheelbarrow
32:34 Town Watch
37:07 Imperial Age
34:58 Hand Cart
36:12 Heavy Plow
36:55 Yeomen
36:49 Murder Holes
37:05 Masonry
38:29 Town Patrol
37:56 Arbalester
38:39 Bracer
39:09 Ring Archer Armor
40:43 Conscription
41:43 Chemistry
41:16 Ring Archer Armor
40:34 Arrowslits
41:23 Architecture
Connection lost

Rejoining the realm…

Still unreachable

The connection could not be restored.

Session expired

The server has moved on; the page needs a fresh start.